 Dungeon Crawl Stone Soup version 0.31-a0-73-g838c19eb66 (webtiles) character file.

Game seed: 5105305930262741602

881 Kenran the Grappler (level 7, 0/51 HPs)
             Began as a Vampire Fighter on May 23, 2023.
             Was a Priest of Wu Jian.
             Slain by a black bear (2 damage)
             ... on level 5 of the Dungeon.
             The game lasted 00:11:46 (3932 turns).

Kenran the Grappler (Vampire Fighter)               Turns: 3932, Time: 00:11:48

Health: 0/51       AC: 12    Str: 17    XL:     7   Next: 75%
Magic:  7/7        EV:  7    Int: 10    God:    Wu Jian [***...]
Gold:   267        SH:  4    Dex: 14    Spells: 6/6 levels left

rFire   . . .        d - +1 dagger (venom)
rCold   . . .        b - +0 buckler
rNeg    . . .        u - +0 chain mail
rPois   +            i - +0 helmet
rElec   .            s - +0 cloak
rCorr   .            r - +0 pair of gloves
SInv    +            (no boots)
Will    .....        (no amulet) Stlth
                     l - ring of poison resistance
HPRegen 0.48/turn    (no ring)
MPRegen 0.10/turn

%: no passive effects
@: lethally poisoned (0 -> -5), healing quickly
A: alive, fangs 3, see invisible, vampiric 2
a: Exsanguinate, Renounce Religion, Wall Jump, Serpent's Lash


You were on level 5 of the Dungeon.
You worshipped Wu Jian.
Wu Jian was most pleased with you.
You visited 1 branch of the dungeon, and saw 5 of its levels.

You collected 267 gold pieces.

Inventory:

Hand Weapons
 d - a +1 dagger of venom (weapon)
Armour
 b - a +0 buckler (worn)
 i - a +0 helmet (worn)
 r - a +0 pair of gloves (worn)
 s - a +0 cloak (worn)
 u - a +0 chain mail (worn)
Jewellery
 a - a ring of magical power
 l - a ring of poison resistance (left hand)
 v - an amulet of regeneration
Wands
 p - a wand of iceblast (9)
Scrolls
 e - 2 scrolls of enchant armour {unknown}
 j - a scroll of fog {unknown}
 m - 2 scrolls of teleportation {unknown}
 n - 3 scrolls of amnesia {unknown}
 o - a scroll of noise {unknown}
 q - a scroll of silence {unknown}
 t - a scroll of fear {unknown}
 w - a scroll of identify {unknown}
Potions
 c - 2 potions of resistance {unknown}
 f - a potion of berserk rage {unknown}
 g - a potion of lignification {unknown}
 h - a potion of curing {@q1}
 k - 2 potions of brilliance {unknown}


   Skills:
 - Level 2.6 Fighting
 - Level 2.4 Armour
 - Level 2.6 Shields
 + Level 9.9 Unarmed Combat


You had 6 spell levels left.
You didn't know any spells.
Your spell library was empty.

Dungeon Overview and Level Annotations

Branches:
Dungeon (5/15)
 Temple: D:4-7

Altars:
Wu Jian

Annotations:
D:2 Sigmund
D:5 Prince Ribbit


Innate Abilities, Weirdness & Mutations

Your natural rate of healing is accelerated.
You have razor-sharp teeth.
You have supernaturally acute eyesight. (SInv)
You are afflicted with vampirism and can become a bat while bloodless.


Message History

You hit the black bear but do no damage.
The black bear looks as sick as possible!
The black bear is severely wounded.
The black bear bites you but does no damage.
The black bear claws you but does no damage. x2
The black bear bites you!
* * * LOW HITPOINT WARNING * * *
The black bear claws you but does no damage.
The black bear claws you.
* * * LOW HITPOINT WARNING * * *
You feel better. The black bear bites you!
* * * LOW HITPOINT WARNING * * *
The black bear claws you but does no damage.
The black bear barely misses you.
You spin and attack the scorpion.
You hit the scorpion.
The scorpion is poisoned.
The scorpion is lightly wounded.
The scorpion closely misses you. The black bear barely misses you.
You block the black bear's attack.
The black bear claws you but does no damage.
Okay, then.
You feel better.
The black bear bites you but does no damage.
The black bear barely misses you. You block the black bear's attack.
The scorpion stings you.
You are poisoned.
The scorpion poisons you!
You spin and attack Prince Ribbit.
You miss Prince Ribbit.
You feel very sick.
Prince Ribbit hits you but does no damage.
The black bear bites you!
* * * LOW HITPOINT WARNING * * *
You block the black bear's attack.
The black bear claws you but does no damage.
You hear an angry growl.
The black bear attacks as you move away!
The black bear bites you.
* * * LOW HITPOINT WARNING * * *
The black bear claws you.
You die...

#..........# ...
............####.#
............#.#..# .
.................#.##
....................#
......##....................#
......#.!..............[....####
...........###........##....#...
.......... ##..@#..<.###........
.........###..Fh#...............
...........##.hs#..##...........
...............................#
....$........##.............#.##
............>..............##..#
..........##..#.................
..................#........##..#
#..«..............#........#####


You could see Prince Ribbit, a black bear (berserk, extremely poisoned), a
scorpion (very poisoned) and a hound.

Vanquished Creatures
  A gnoll sergeant (D:4)
  2 scorpions (D:4)
  4 howler monkeys (D:4)
  A jelly (D:5)
  A gnoll bouda (D:4)
  A sleepcap (D:5)
  An orc wizard (D:4)
  Jessica (D:2)
  Robin (D:1)
  21 gnolls
  3 adders
  2 worms
  3 dart slugs
  16 orcs (D:4)
  11 ball pythons
  7 bats
  4 endoplasms
  2 giant cockroaches
  12 goblins
  9 hobgoblins
  27 jackals
  4 quokkas
  3 frilled lizards
  5 kobolds
  7 rats
149 creatures vanquished.

Notes
Turn   | Place    | Note
-------+----------+-------------------------------------------
     0 | D:1      | Kenran the Vampire Fighter began the quest for the Orb.
     0 | D:1      | Reached XP level 1. HP: 17/17 MP: 1/1
    91 | D:1      | Reached skill level 3 in Unarmed Combat
    91 | D:1      | Reached XP level 2. HP: 20/23 MP: 2/2
   145 | D:1      | You fall into a shaft and drop 1 floor!
   379 | D:2      | Noticed Sigmund
   390 | D:2      | Gained mutation: You are afflicted with vampirism and can
                  | become a bat while bloodless. [Vampire growth]
   390 | D:2      | Reached XP level 3. HP: 28/28 MP: 3/3
   403 | D:2      | Reached skill level 4 in Unarmed Combat
   443 | D:2      | Noticed Robin
   885 | D:1      | Reached XP level 4. HP: 22/34 MP: 4/4
  1025 | D:1      | Reached skill level 5 in Unarmed Combat
  1264 | D:1      | Killed Robin
  1779 | D:3      | Noticed a black bear
  1827 | D:2      | Found a faded altar of an unknown god.
  1835 | D:2      | Prayed at the altar of an unknown god.
  1835 | D:2      | Became a worshipper of the Wu Jian Council
  1835 | D:2      | Reached * piety under Wu Jian
  1889 | D:3      | Noticed Jessica
  1899 | D:2      | Killed Jessica
  1900 | D:2      | Reached XP level 5. HP: 39/39 MP: 5/5
  2085 | D:3      | Reached skill level 6 in Unarmed Combat
  2519 | D:4      | Reached ** piety under Wu Jian
  2548 | D:4      | Reached skill level 7 in Unarmed Combat
  2548 | D:4      | Reached XP level 6. HP: 46/46 MP: 6/6
  2798 | D:4      | Reached skill level 8 in Unarmed Combat
  2930 | D:4      | Reached XP level 7. HP: 21/51 MP: 7/7
  3000 | D:4      | Reached *** piety under Wu Jian
  3344 | D:4      | Reached skill level 9 in Unarmed Combat
  3789 | D:5      | Entered Level 5 of the Dungeon
  3925 | D:5      | Noticed Prince Ribbit
  3932 | D:5      | HP: 2/51 [black bear (4)]
  3932 | D:5      | Slain by a black bear

Illustrated notes

Levels and vault maps discovered:
D:1:      dpeg_arrival_shrine, layout_loops_ring, st_stairs_9
D:2:      layout_loops_ring, dreamdust_ecumenical_altar_angels_and_demons,
          minmay_misc_feat_chi, chequers_serial_rivers_micro_b, uniq_sigmund,
          uniq_robin
D:3:      layout_basic, lemuel_crystal_altar, uniq_jessica, uniq_ijyb
D:4:      lemuel_castle_with_subvaults [lemuel_castle_interior_carwin_3],
          layout_rooms, minmay_misc_feat_nine_boxes, kennysheep_doodads
D:5:      layout_cave_pools, uniq_prince_ribbit1

Skill      XL: |  1  2  3  4  5  6  7 |
---------------+----------------------+-----
Unarmed Combat | 3 4 5 7 8 9 |  9.9
Fighting       | |  2.6
Armour         | |  2.4
Shields        | |  2.6

Action                     |  1- 3 |  4- 6 |  7- 9 || total
---------------------------+-------+-------+-------++-------
  Melee: Dagger            |    86 |   295 |   135 ||   516
         Bite              |    11 |    27 |    16 ||    54
Ability: Whirlwind         |       |    64 |    68 ||   132
         Lunge             |       |    13 |    10 ||    23
         Wall Jump         |       |     1 |     1 ||     2
  Evoke: Wand              |       |       |     1 ||     1
    Use: Potion            |     1 |     1 |     2 ||     4
 Armour: Scale mail        |    29 |    82 |       ||   111
         Chain mail        |       |    23 |    59 ||    82
  Dodge: Dodged            |    41 |   105 |    42 ||   188
  Block: Buckler           |    17 |    63 |    20 ||   100

Table legend: (Time is in decaauts)
 A = Elapsed time spent in this place.
 B = Non-inter-level travel time spent in this place.
 C = Inter-level travel time spent in this place.
 D = Time resting spent in this place.
 E = Time spent auto-exploring this place.
 F = Levels seen in this place.
 G = Mean time per level.
                   A        B        C        D        E       F      G
               +--------+--------+--------+--------+--------+-----+--------+
         Total |   3966 |   3713 |    253 |    421 |   1536 |   5 |  793.2 |
       Dungeon |   3966 |   3713 |    253 |    421 |   1536 |   5 |  793.2 |
               +--------+--------+--------+--------+--------+-----+--------+

Top non-repeatable levels by time:
     D:4: 1327 daAuts
     D:1: 942 daAuts
     D:2: 924 daAuts
     D:3: 629 daAuts
     D:5: 143 daAuts
